 Dungeon Sprint DCSS version 0.30-a0-585-g93115170b9 (webtiles) character file.

Game seed: 16162572349011129185

1766 mhtbhm the Protected (level 9, -13/78 HPs)
             Began as a Formicid Fighter on Jan 3, 2023.
             Was a Follower of Qazlal.
             Mangled by an ice devil (23 damage)
             ... summoned by a kobold demonologist
             ... in the Dungeon (Sprint I: "Red Sonja").
             The game lasted 00:03:34 (1018 turns).

mhtbhm the Protected (Formicid Fighter)             Turns: 1018, Time: 00:03:35

Health: -13/78     AC:  9    Str: 24    XL:     9   Next: 28%
Magic:  14/14      EV: 11    Int:  9    God:    Qazlal [*.....]
Gold:   722        SH:  9    Dex: 13    Spells: 8/8 levels left

rFire   . . .      SeeInvis +    a - +0 flail
rCold   . . .      Faith    .    c - +0 buckler
rNeg    . . .      Spirit   .    b - +0 scale mail
rPois   .          Reflect  .    (helmet unavailable)
rElec   .          Harm     .    (no cloak)
rCorr   .          Rampage  .    (no gloves)
Will    .....                    (no boots) Stlth
                                 (no amulet)
HPRegen 0.33/turn                (no ring)
MPRegen 0.14/turn                (no ring)

@: no status effects
A: permanent stasis, dig shafts and tunnels, antennae 3, four strong arms
a: Dig, Renounce Religion


You were in the Dungeon.
You worshipped Qazlal.
Qazlal was aware of your devotion.
You visited 1 branch You collected 904 gold pieces.
You spent 182 gold pieces at shops.

Inventory:

Hand Weapons
 a - a +0 flail (weapon)
Missiles
 k - a curare-tipped dart (quivered)
Armour
 b - a +0 scale mail (worn)
 c - a +0 buckler (worn)
Wands
 d - a wand of digging (2)
 f - a wand of iceblast (9)
Scrolls
 j - a scroll of fog {unknown}
 n - a scroll of amnesia {unknown}
 o - a scroll of identify {unknown}
Potions
 e - a potion of curing
 g - a potion of haste
 h - 2 potions of magic
 i - a potion of berserk rage


   Skills:
 + Level 10.2 Fighting
 + Level 9.7 Maces & Flails
 + Level 0.8 Throwing
 + Level 11.2 Armour
 + Level 3.6 Dodging
 + Level 11.2 Shields
 * Level 7.6 Invocations
 + Level 3.2 Evocations


You had 8 spell levels left.
You didn't know any spells.
Your spell library was empty.

Dungeon Overview and Level Annotations

Branches:
Dungeon (1/1)

Altars:
Cheibriados
Dithmenos
Elyvilon
Fedhas
Gozag
Hepliaklqana
Kikubaaqudgha
Makhleb
Nemelex Xobeh
Okawaru
Qazlal
Ru
Sif Muna
Trog
Uskayaw
Vehumet
Wu Jian
Xom
Yredelemnul
Zin
The Shining One
Jiyva
Lugonu

Shops:
D *[[


Innate Abilities, Weirdness & Mutations

You cannot be hasted, slowed, berserked, paralysed or teleported.
You can dig through walls and to a lower floor.
You have a pair of large antennae on your head. (SInv)
Your four strong arms can wield two-handed weapons with a shield.


Message History

* * * LOW HITPOINT WARNING * * *
Unknown command.
You feel better.
The sixfirhy hits you but does no damage.
The sixfirhy closely misses you. The sixfirhy barely misses you.
You block the sixfirhy's attack.
You feel better. You block the sixfirhy's attack.
The kobold demonologist gestures wildly while chanting.
You sock the sixfirhy!
The sixfirhy is moderately wounded.
You barely miss the sixfirhy.
The sixfirhy is moderately wounded.
The kobold demonologist miscasts a cantrip.
You block the sixfirhy's attack.
You closely miss the sixfirhy.
The sixfirhy is lightly wounded.
The sixfirhy closely misses you. x3
The kobold demonologist mumbles some strange words.
You hit the sixfirhy.
The sixfirhy is moderately wounded.
The sixfirhy barely misses you. The sixfirhy hits you. The sixfirhy shocks you!
* * * LOW HITPOINT WARNING * * *
The sixfirhy barely misses you.
The sixfirhy hits you but does no damage.
Unknown command.
Unknown command.
You hit the sixfirhy.
The sixfirhy is moderately wounded.
You closely miss the sixfirhy.
The sixfirhy is lightly wounded.
The kobold demonologist miscasts a cantrip.
You completely miss the sixfirhy.
The sixfirhy is lightly wounded.
The sixfirhy disappears in a puff of smoke!
You hit the ice devil but do no damage.
The ice devil is lightly wounded.
The ice devil hits you!
* * * LOW HITPOINT WARNING * * *
The ice devil freezes you!!
You die...

######################
..+..#.['..#__#.@4K55#
..#..)..#..'..'..#K4.#
####'#####'#__####45.+{
###..#...#(#### ##{
__####..##(# {
_____##'#_.+ {
_.∩...'.)._# {
_..__##_.#'##+### {
_____###'#.#..).###{


You could see an ice devil (summoned), 2 kobold demonologists, a chaos spawn
(summoned, berserk), an iron imp (summoned) and 2 shadow imps.

Vanquished Creatures
  Sonja (D)
  A deep troll (D)
  Sigmund (D)
  A slime creature (D)
  A yak (D)
  A floating eye (D)
  An ogre (D)
  A jelly (D)
  Ijyb (D)
  A ballistomycete spore (D)
10 creatures vanquished.

Vanquished Creatures (others)
  A ballistomycete spore (D)
1 creature vanquished.

Grand Total: 11 creatures vanquished

Notes
Turn   | Place    | Note
-------+----------+-------------------------------------------
     0 | D        | mhtbhm the Formicid Fighter began the quest for the Orb.
     0 | D        | Reached XP level 1. HP: 18/18 MP: 1/1
     1 | D        | Noticed Ijyb
    12 | D        | Killed Ijyb
    13 | D        | Reached skill level 5 in Shields
    13 | D        | Reached XP level 2. HP: 19/26 MP: 2/2
    13 | D        | Reached XP level 3. HP: 23/31 MP: 3/3
    20 | D        | Found a basalt altar of Yredelemnul.
    20 | D        | Found a hide-covered altar of Uskayaw.
    20 | D        | Found a hazy altar of Hepliaklqana.
    20 | D        | Found a shadowy altar of Dithmenos.
    20 | D        | Found a sacrificial altar of Ru.
    20 | D        | Found a snail-covered altar of Cheibriados.
    20 | D        | Found an opulent altar of Gozag.
    20 | D        | Found a sparkling altar of Nemelex Xobeh.
    21 | D        | Found an ancient bone altar of Kikubaaqudgha.
    21 | D        | Found Vymibalu's Antique Armour Emporium.
    21 | D        | Found a glowing golden altar of the Shining One.
    21 | D        | Found an iron altar of Okawaru.
    21 | D        | Found a bloodstained altar of Trog.
    21 | D        | Found a blossoming altar of Fedhas.
    21 | D        | Found a stormy altar of Qazlal.
    21 | D        | Found a white marble altar of Elyvilon.
    21 | D        | Found a glowing silver altar of Zin.
    21 | D        | Noticed a yak
    33 | D        | Killed a yak
    34 | D        | Reached skill level 1 in Dodging
    34 | D        | Reached XP level 4. HP: 35/43 MP: 4/4
    34 | D        | Reached XP level 5. HP: 39/48 MP: 5/5
    38 | D        | Found a shimmering blue altar of Sif Muna.
    38 | D        | Found a radiant altar of Vehumet.
    38 | D        | Found an ornate altar of the Wu Jian Council.
    41 | D        | Reached XP level 6. HP: 47/55 MP: 6/6
    50 | D        | Noticed Sigmund
    57 | D        | Killed Sigmund
    58 | D        | Reached XP level 7. HP: 41/63 MP: 7/7
   148 | D        | Became a worshipper of Qazlal Stormbringer
   195 | D        | Reached skill level 10 in Shields
   279 | D        | Found a burning altar of Makhleb.
   279 | D        | Found a viscous altar of Jiyva.
   279 | D        | Found a shimmering altar of Xom.
   279 | D        | Found a corrupted altar of Lugonu.
   279 | D        | Noticed a slime creature
   292 | D        | Killed a slime creature
   484 | D        | Noticed Sonja
   487 | D        | Killed Sonja
   487 | D        | Reached * piety under Qazlal
   488 | D        | Reached skill level 10 in Fighting
   488 | D        | Reached skill level 10 in Armour
   488 | D        | Reached skill level 1 in Evocations
   488 | D        | Reached XP level 8. HP: 54/72 MP: 9/12
   604 | D        | Found Huot's Assorted Antiques.
   612 | D        | Bought a potion of heal wounds for 130 gold pieces
   612 | D        | Bought a scroll labelled COVONEBLOE for 26 gold pieces
   612 | D        | Bought a scroll labelled TIJU OHAENUHOKH for 26 gold pieces
   625 | D        | Noticed a deep troll
   643 | D        | HP: 1/72 [deep troll (4)]
   645 | D        | Killed a deep troll
   646 | D        | Reached XP level 9. HP: 2/78 MP: 12/14
   887 | D        | Found Sizooxt's Armour Emporium.
   997 | D        | Noticed a kobold demonologist
   997 | D        | Noticed a kobold demonologist
   998 | D        | Noticed an ice devil
  1000 | D        | Noticed a sixfirhy
  1005 | D        | Noticed a rust devil
  1018 | D        | Mangled by an ice devil

Illustrated notes

Levels and vault maps discovered:
D:        dungeon_sprint_1 [red_sonja_temple_1, red_sonja_temple_small_1]

Skill      XL: |  1  2  3  4  5  6  7  8 |
---------------+-------------------------+-----
Fighting       | 4 7 8 10 | 10.2
Armour         | 4 7 8 10 11 | 11.2
Shields        | 5 8 9 10 11 | 11.2
Maces & Flails | 4 6 8 9 |  9.7
Dodging        | 1 2 3 |  3.6
Invocations    | 6 7 |  7.6
Evocations     | 1 3 |  3.2
Throwing       | |  0.8

Action                   |  1- 3 |  4- 6 |  7- 9 || total
-------------------------+-------+-------+-------++-------
Melee: Flail             |    19 |     7 |    41 ||    67
Throw: Dart              |       |       |     3 ||     3
Evoke: Wand              |     1 |       |    10 ||    11
  Use: Potion            |     2 |       |     5 ||     7
Armor: Scale mail        |     3 |     1 |    11 ||    15
Dodge: Dodged            |     7 |     1 |    20 ||    28
Block: Buckler           |     5 |       |    18 ||    23

Table legend: (Time is in decaauts)
 A = Elapsed time spent in this place.
 B = Non-inter-level travel time spent in this place.
 C = Inter-level travel time spent in this place.
 D = Time resting spent in this place.
 E = Time spent auto-exploring this place.
 F = Levels seen in this place.
 G = Mean time per level.
                   A        B        C        D        E       F      G
               +--------+--------+--------+--------+--------+-----+--------+
         Total |   1025 |   1025 |      0 |    551 |      0 |   1 | 1025.0 |
       Dungeon |   1025 |   1025 |      0 |    551 |      0 |   1 | 1025.0 |
               +--------+--------+--------+--------+--------+-----+--------+

Top non-repeatable levels by time:
       D: 1025 daAuts
